 Dungeon Crawl Stone Soup version 0.30.1-1-g62c8e00024 (webtiles) character file.

Game seed: 12202976212190774688

221 Gorgoleon the Slasher (level 5, -1/41 HPs)
             Began as a Merfolk Gladiator on July 18, 2023.
             Slain by a gnoll
             ... wielding a +0 spear
             ... led by a gnoll sergeant
              (2 damage)
             ... on level 4 of the Dungeon.
             The game lasted 00:07:53 (2831 turns).

Gorgoleon the Slasher (Merfolk Gladiator)           Turns: 2831, Time: 00:07:54

Health: -1/41      AC:  7    Str: 15    XL:     5   Next: 98%
Magic:  5/5        EV: 13    Int:  7    God:
Gold:   158        SH:  5    Dex: 17    Spells: 4/4 levels left

rFire   . . .        a - +0 long sword
rCold   . . .        u - +1 buckler {AC+3}
rNeg    + . .        b - +0 leather armour
rPois   .            c - +0 helmet
rElec   .            (no cloak)
rCorr   +            (no gloves)
SInv    .            (no boots)
Will    .....        (no amulet)
Stlth   +            g - ring of positive energy
HPRegen 0.26/turn    n - ring of resist corrosion
MPRegen 0.09/turn

%: no passive effects
@: brilliant
A: (nimble swimmer 2), mertail
a: no special abilities


You were on level 4 of the Dungeon.
You visited 1 branch of the dungeon, and saw 4 of its levels.

You collected 158 gold pieces.

Inventory:

Hand Weapons
 a - a +0 long sword (weapon)
 i - a +2 dagger of venom
Missiles
 d - 3 throwing nets
 e - 3 javelins
 l - 26 stones (quivered)
 p - 5 poisoned darts
Armour
 b - a +0 leather armour (worn)
 c - a +0 helmet (worn)
 u - a +1 buckler of protection (worn)
Jewellery
 g - a ring of positive energy (left hand)
 k - a ring of ice
 n - a ring of resist corrosion (right hand)
Wands
 f - a wand of digging (2)
 q - a wand of paralysis (10)
Potions
 h - a potion of might {unknown}
 j - a potion of curing {unknown}
 m - 4 potions of mutation {unknown}
 o - a potion of attraction {unknown}
 r - a potion of magic {unknown}
 s - 3 potions of brilliance


   Skills:
 - Level 3.0 Fighting
 + Level 5.7 Long Blades
 - Level 2.0 Throwing
 * Level 1.9 Armour
 - Level 4.0 Dodging
 * Level 1.2 Shields
 * Level 1.5 Evocations


You had 4 spell levels left.
You didn't know any spells.
Your spell library was empty.

Dungeon Overview and Level Annotations

Branches:
Dungeon (4/15)
 Temple: D:4-7

Altars:
Cheibriados
Wu Jian


Innate Abilities, Weirdness & Mutations

((You are very nimble when in or above water. (Stealth+, EV+, Speed+++)))
Your lower body shifts to a powerful aquatic tail in water.


Message History

The gnoll hits you from afar with a +0 halberd!
The gnoll closely misses you.
You hit the gnoll.
You kill the gnoll!
The gnoll barely misses you.
Okay, then.
The gnoll hits you but does no damage.
The gnoll hits you from afar with a +0 spear.
You see here a +0 club.
You hit the gnoll.
The gnoll is heavily wounded.
The gnoll barely misses you. The gnoll misses you.
You hit the gnoll.
The gnoll is almost dead.
The gnoll closely misses you.
You closely miss the gnoll.
The gnoll is almost dead.
The gnoll hits you with a +0 halberd.
* * * LOW HITPOINT WARNING * * *
The gnoll hits you from afar with a +0 spear.
* * * LOW HITPOINT WARNING * * *
You slash the gnoll!
You kill the gnoll!
You block the gnoll's attack. The gnoll hits you with a +0 spear.
* * * LOW HITPOINT WARNING * * *
Items here: )) ††.
You barely miss the gnoll. The gnoll hits you with a +0 spear.
* * * LOW HITPOINT WARNING * * *
You block the gnoll's attack.
You hit the gnoll but do no damage. You block the gnoll's attack.
You barely miss the gnoll.
A gnoll sergeant comes into view. It is wielding a +0 spear.
The gnoll barely misses you.
You closely miss the gnoll. The gnoll hits you with a +0 spear.
* * * LOW HITPOINT WARNING * * *
It was a potion of brilliance.
You feel clever all of a sudden. The gnoll hits you with a +0 spear.
You die...

.#...............####
...##...#.#.##......#
...........#.#...##
..###...##.....†..# ###
..........##.#.†.#.....
........#.#.###......#
######..#......#####.#
#..#######)## ##@# ##g#
.# .. ..# g.# ... ...


You could see a gnoll sergeant (wandering) and a gnoll.

Vanquished Creatures
  2 iguanas (D:4)
  An orc wizard (D:3)
  2 gnolls (D:4)
  6 adders
  An ufetubus (D:4)
  2 worms
  3 dart slugs
  7 orcs
  3 endoplasms
  2 giant cockroaches
  5 goblins
  7 hobgoblins
  6 kobolds
  3 quokkas
  5 ball pythons
  2 bats
  2 frilled lizards
  5 rats
64 creatures vanquished.

Notes
Turn   | Place    | Note
-------+----------+-------------------------------------------
     0 | D:1      | Gorgoleon the Merfolk Gladiator began the quest for the
                  | Orb.
     0 | D:1      | Reached XP level 1. HP: 16/16 MP: 1/1
   206 | D:1      | Reached skill level 4 in Long Blades
   206 | D:1      | Reached XP level 2. HP: 23/23 MP: 2/2
   740 | D:2      | Found an ornate altar of the Wu Jian Council.
   780 | D:2      | Reached XP level 3. HP: 28/28 MP: 3/3
   896 | D:2      | Reached skill level 1 in Armour
  1521 | D:3      | Reached XP level 4. HP: 34/34 MP: 4/4
  1996 | D:3      | Reached skill level 5 in Long Blades
  1996 | D:3      | Reached skill level 1 in Evocations
  1996 | D:3      | Reached XP level 5. HP: 33/41 MP: 5/5
  2641 | D:4      | Found a snail-covered altar of Cheibriados.
  2736 | D:4      | Reached skill level 1 in Shields
  2830 | D:4      | HP: 1/41 [gnoll/+0 spear[a gnoll sergeant] (4)]
  2831 | D:4      | Slain by a gnoll

Illustrated notes

Levels and vault maps discovered:
D:1:      lightli_arrival_farm, layout_basic
D:2:      layout_loops_cross, basic_altar
D:3:      layout_basic, nicolae_half_adder
D:4:      dreamdust_elfheim, layout_loops_ring, mainiacjoe_overflow_catwalk,
          hangedman_abyss_or_decor_stagger, hellmonk_no_cap

Skill      XL: |  1  2  3  4  5 |
---------------+----------------+-----
Long Blades    | 4 5 |  5.7
Armour         | 1 |  1.9
Fighting       | 3 |  3.0
Evocations     | 1 |  1.5
Shields        | 1 |  1.2
Throwing       | |  2.0
Dodging        | |  4.0

Action                     |  1- 3 |  4- 6 || total
---------------------------+-------+-------++-------
  Melee: Long sword        |   101 |   120 ||   221
         Punch             |     1 |       ||     1
  Throw: Stone             |       |    10 ||    10
    Use: Scroll            |     5 |       ||     5
         Potion            |       |     2 ||     2
   Stab: Sleeping          |     1 |     1 ||     2
 Armour: Leather armour    |    20 |    34 ||    54
  Dodge: Dodged            |    68 |    63 ||   131
  Block: Buckler           |     4 |    33 ||    37
